 Dungeon Crawl Stone Soup version 0.31-a0-618-g7ca08c1ff9 (webtiles) character file.

Game seed: 590066193084125372

1246 thirtiethelement the Chopper (level 8, -2/60 HPs)
             Began as a Demonspawn Gladiator on Aug 23, 2023.
             Was a Follower of Makhleb.
             Killed from afar by Maggie (15 damage)
             ... with a bolt of fire
             ... on level 6 of the Dungeon.
             The game lasted 00:12:50 (5137 turns).

thirtiethelement the Chopper (Demonspawn Gladiator) Turns: 5137, Time: 00:12:50

Health: -2/60      AC:  8    Str: 17    XL:     8   Next: 25%
Magic:  8/8        EV: 28    Int: 10    God:    Makhleb [*.....]
Gold:   321        SH:  0    Dex: 14    Spells: 5/7 levels left

rFire   . . .        a - +0 war axe
rCold   . . .        (no shield)
rNeg    . . .        o - +0 ring mail
rPois   .            c - +0 helmet
rElec   .            d - +1 cloak
rCorr   .            (no gloves)
SInv    .            (no boots)
Will    .....        A - amulet of the acrobat
Stlth   ++           n - ring of wizardry
HPRegen 0.30/turn    (no ring)
MPRegen 0.11/turn

%: acrobat, wizardry (x1)
@: acrobatic
A: foul stench 1, sturdy frame 2, weakness stinger 2
a: Renounce Religion


You were on level 6 of the Dungeon.
You worshipped Makhleb.
Makhleb was aware of your devotion.
You visited 1 branch of the dungeon, and saw 6 of its levels.

You collected 321 gold pieces.

Inventory:

Hand Weapons
 a - a +0 war axe (weapon)
Missiles
 e - a javelin
 i - 2 boomerangs
 y - 4 poisoned darts
 B - a throwing net
Armour
 c - a +0 helmet (worn)
 d - a +1 cloak (worn)
 o - a +0 ring mail (worn)
Jewellery
 n - a ring of wizardry (left hand)
 A - an amulet of the acrobat (around neck)
Talismans
 v - a flux talisman
Scrolls
 b - a scroll of fear
 g - 3 scrolls of enchant weapon
 k - a scroll of fog
 m - 2 scrolls of teleportation
 q - a scroll of poison
 w - a scroll of revelation {unknown}
 x - a scroll of blinking {unknown}
Potions
 f - a potion of might
 h - a potion of ambrosia
 j - a potion of cancellation
 l - 3 potions of curing
 p - a potion of invisibility {unknown}
 r - a potion of berserk rage {unknown}
 s - a potion of mutation {unknown}
 t - a potion of enlightenment {unknown}
 u - a potion of lignification {unknown}
 z - a potion of haste {unknown}


   Skills:
 + Level 4.3 Fighting
 + Level 6.6 Axes
 + Level 3.3 Throwing
 + Level 2.5 Armour
 + Level 4.2 Dodging
 + Level 2.1 Stealth


You had 5 spell levels left.
You knew the following spells:

 Your Spells              Type           Power      Damage    Failure   Level
a - Blink                 Tloc           0%         N/A       26%         2

Your spell library contained the following spells:

 Spells                   Type           Power      Damage    Failure   Level
 Cigotuvi's Dreadful Rot  Necr/Pois/Air  0%         N/A       26%         2
 Lesser Beckoning         Tloc           0%         N/A       26%         2
 Momentum Strike          Conj/Tloc      0%         3d8       26%         2
 Poisonous Vapours        Pois/Air       0%         N/A       26%         2
 Ignite Poison            Fire/Tmut/Pois 0%         N/A       43%         3
 Mephitic Cloud           Conj/Pois/Air  0%         N/A       43%         3
 Freezing Cloud           Conj/Ice/Air   0%         6-21      98%         5


Dungeon Overview and Level Annotations

Branches:
Dungeon (6/15)             Temple (0/1) D:6

Altars:
Fedhas
Makhleb

Annotations:
D:4 2 transporters, Dittersdorf's ghost, amateur GrFi
D:6 Maggie


Innate Abilities, Weirdness & Mutations

You may rarely emit foul miasma when damaged in melee.
Your movements are less encumbered by armour. (ER -4)
You have a tail ending in a sharp stinger.


Message History

You tail-slap the hound, but do no damage.
The hound is severely wounded.
The hound closely misses you. The orc warrior closely misses you.
The hound bites you.
You slash the hound!
You kill the hound!
Makhleb accepts your kill.
The orc warrior hits you from afar with a +0 trident.
The orc warrior completely misses you. The orc closely misses you.
You hit the orc but do no damage. The orc misses you.
The orc warrior hits you from afar with a +0 trident!
* * * LOW HITPOINT WARNING * * *
The orc warrior attacks as it pursues you!
The orc warrior hits you from afar with a +0 trident!
* * * LOW HITPOINT WARNING * * *
Maggie the Vainglorious comes into view.
She is wielding a +0 broad axe and carrying a wand of flame.
An orc comes into view. It is wielding a +0 hand axe.
Found a short jewelled staff.
The orc shouts!
You hear a shout!
An orc comes into view. It is wielding a +0 flail.
The orc throws a boomerang.
The boomerang barely misses you.
Found a large ruby ring.
An orc wizard comes into view. It is wielding a +0 dagger.
The orc throws a boomerang.
The boomerang completely misses you.
Maggie shouts!
Maggie attacks as she pursues you! Maggie misses you.
The orc throws a boomerang.
The boomerang closely misses you. Maggie hits you with a +0 broad axe.
* * * LOW HITPOINT WARNING * * *
You emit a cloud of foul miasma!
You see here a staff of cold.
Maggie is engulfed in dark miasma.
Maggie is poisoned.
Maggie points at you and mumbles some strange words.
The bolt of fire misses you.
Maggie is engulfed in dark miasma.
Maggie looks even sicker.
Maggie seems to slow down.
Maggie is no longer moving slowly.
Maggie points at you and mumbles some strange words.
The bolt of fire hits you!
You die...

.o..o...........###
##...........
.####.............##
####........ ##
###########....# ####...## #
###..# ##....## ## #####
##..# ##......# .####...##
####...# ##.......#
..#..###.####......#
##..####..# ....##
##.<..###...## #..## #.#
....# ###### #@...# #..# .#
....# ##..#(.##..# .. ....#
######...#...#..# #.# ....#
##.|..@.#.#.#...## ##..#
#########..##....###....##
..(.
#..##..##..#...#...#..##...#
##...o......=#.....#....#..#
#..#......#####.>.#####...#
###.##..##.....#.....#......#


You could see Maggie (very poisoned).

Vanquished Creatures
  Sigmund (D:3)
  Menkaure (D:4)
  A water moccasin (D:6)
  An ogre (D:5)
  A centaur (D:6)
  A bullfrog (D:4)
  3 scorpions
  2 hounds
  Crazy Yiuf (D:6)
  An orc priest (D:6)
  A jelly (D:4)
  A gnoll bouda (D:4)
  Terence (D:2)
  3 iguanas
  6 adders
  6 gnolls
  A white imp (D:6)
  An ufetubus (D:5)
  A worm (D:4)
  4 dart slugs
  5 orcs
  5 bats
  8 endoplasms
  6 giant cockroaches
  8 goblins
  9 hobgoblins
  3 jackals (D:2)
  4 kobolds
  4 quokkas
  9 ball pythons
  4 frilled lizards
  11 rats
114 creatures vanquished.

Notes
Turn   | Place    | Note
-------+----------+-------------------------------------------
     0 | D:1      | thirtiethelement the Demonspawn Gladiator began the quest
                  | for the Orb.
     0 | D:1      | Reached XP level 1. HP: 16/16 MP: 1/1
   278 | D:1      | Reached skill level 3 in Axes
   278 | D:1      | Gained mutation: You have a small tail. [demonic ancestry]
   278 | D:1      | Reached XP level 2. HP: 13/22 MP: 2/2
   502 | D:1      | Gained mutation: Your movements are slightly less
                  | encumbered by armour. (ER -2) [demonic ancestry]
   502 | D:1      | Reached XP level 3. HP: 22/27 MP: 3/3
  1034 | D:2      | Noticed Terence
  1039 | D:2      | Gained mutation: You may rarely emit foul miasma when
                  | damaged in melee. [demonic ancestry]
  1039 | D:2      | Reached XP level 4. HP: 11/34 MP: 4/4
  1158 | D:2      | Killed Terence
  1685 | D:3      | Reached skill level 4 in Axes
  1764 | D:3      | Gained mutation: You have a tail ending in a sharp stinger.
                  | [demonic ancestry]
  1764 | D:3      | Reached XP level 5. HP: 35/39 MP: 5/5
  1797 | D:3      | Reached skill level 1 in Armour
  2145 | D:3      | Noticed Sigmund
  2333 | D:3      | Killed Sigmund
  2334 | D:3      | Reached skill level 1 in Stealth
  2334 | D:3      | Gained mutation: Your movements are less encumbered by
                  | armour. (ER -4) [demonic ancestry]
  2334 | D:3      | Reached XP level 6. HP: 44/47 MP: 6/6
  2733 | D:4      | Found a transporter.
  2742 | D:4      | Noticed Dittersdorf's ghost (amateur GrFi)
  2745 | D:4      | Found a transporter.
  2749 | D:4      | Noticed Menkaure
  2772 | D:3      | Found a burning altar of Makhleb.
  2772 | D:3      | Found a blossoming altar of Fedhas.
  2805 | D:3      | Became a worshipper of Makhleb the Destroyer
  3095 | D:4      | Killed Menkaure
  3096 | D:4      | Reached skill level 5 in Axes
  3136 | D:4      | Reached XP level 7. HP: 34/52 MP: 7/7
  3818 | D:5      | Entered Level 5 of the Dungeon
  4071 | D:5      | Reached * piety under Makhleb
  4089 | D:5      | Learned a level 2 spell: Blink
  4113 | D:5      | Reached skill level 6 in Axes
  4522 | D:6      | Reached XP level 8. HP: 42/60 MP: 8/8
  4894 | D:6      | Found a runed translucent door.
  4895 | D:6      | Noticed Crazy Yiuf
  4901 | D:6      | Killed Crazy Yiuf
  4948 | D:6      | Found a staircase to the Ecumenical Temple.
  5090 | D:6      | HP: 2/60 [orc warrior/+0 trident (13)]
  5125 | D:6      | Noticed Maggie
  5137 | D:6      | Killed from afar by Maggie

Illustrated notes

Levels and vault maps discovered:
D:1:      lightli_arrival_statuegarden, layout_loops_corners,
          minmay_pentomino_w4
D:2:      layout_basic, nicolae_houndstooth_variations, uniq_terence
D:3:      layout_loops_ring, nicolae_overflow_hidden_temple, minmay_cupped,
          uniq_sigmund
D:4:      layout_cave_pools, gammafunk_ghost_arena, uniq_menkaure
D:5:      layout_basic, kennysheep_dice
D:6:      layout_layer_cave, minmay_temple_entry_arrows,
          uniq_crazy_yiuf_cottage, uniq_maggie

Skill      XL: |  1  2  3  4  5  6  7 |
---------------+----------------------+-----
Axes           | 3 4 5 6 |  6.6
Dodging        | 3 4 |  4.2
Throwing       | 2 3 |  3.3
Armour         | 1 2 |  2.5
Fighting       | 3 4 |  4.3
Stealth        | 1 2 |  2.1

Action                     |  1- 3 |  4- 6 |  7- 9 || total
---------------------------+-------+-------+-------++-------
  Melee: War axe           |    78 |   131 |   108 ||   317
         Tailslap          |     7 |    20 |    12 ||    39
         Punch             |     2 |     1 |     1 ||     4
  Throw: Boomerang         |     6 |     5 |    22 ||    33
         Throwing net      |       |     3 |     1 ||     4
    Use: Scroll            |       |       |    10 ||    10
   Stab: Sleeping          |     1 |     2 |       ||     3
         Held in net/web   |       |     3 |       ||     3
 Armour: Leather armour    |     7 |       |       ||     7
         Ring mail         |     9 |    52 |    38 ||    99
  Dodge: Dodged            |    48 |   117 |   139 ||   304

Table legend: (Time is in decaauts)
 A = Elapsed time spent in this place.
 B = Non-inter-level travel time spent in this place.
 C = Inter-level travel time spent in this place.
 D = Time resting spent in this place.
 E = Time spent auto-exploring this place.
 F = Levels seen in this place.
 G = Mean time per level.
                   A        B        C        D        E       F      G
               +--------+--------+--------+--------+--------+-----+--------+
         Total |   5236 |   5112 |    124 |    918 |   3088 |   6 |  872.7 |
       Dungeon |   5236 |   5112 |    124 |    918 |   3088 |   6 |  872.7 |
               +--------+--------+--------+--------+--------+-----+--------+

Top non-repeatable levels by time:
     D:3: 1348 daAuts
     D:1: 1089 daAuts
     D:2: 748 daAuts
     D:4: 715 daAuts
     D:6: 683 daAuts
     D:5: 651 daAuts
